 Dungeon Crawl Stone Soup version 0.17.0-27-g4a3f43e (webtiles) character file.

3 Gorice the Magician (level 1, -1/14 HPs)
             Began as a Demonspawn Wanderer on Nov 21, 2015.
             Slain by a hobgoblin (2 damage)
             ... on level 1 of the Dungeon.
             The game lasted 00:02:14 (443 turns).

Gorice the Magician (Demonspawn Wanderer)            Turns: 443, Time: 00:02:14

Health: -1/14      AC:  2    Str: 11    XL:     1   Next: 41%
Magic:  3/3        EV: 11    Int: 12    God:
Gold:   0          SH:  0    Dex: 14    Spells: 0 memorised, 4 levels left

rFire  . . .     SeeInvis .     e - +0 dagger
rCold  . . .     Clarity  .     d - +0 robe
rNeg   . . .     SustAt   .     (no shield)
rPois  .         Gourm    .     (no helmet)
rElec  .         Spirit   .     (no cloak)
rCorr  .         Warding  .     (no gloves)
rMut   .         Stasis   .     (no boots)
MR     .....                    (no amulet)
Stlth  +.........               (no ring)
                                (no ring)

@: not resistant to hostile enchantments, very unstealthy
A: no striking features
a: no special abilities


You were on level 1 of the Dungeon.
You were not hungry.

You visited 1 branch of the dungeon, and saw 1 of its levels.

Inventory:

Hand Weapons
 e - a +0 dagger (weapon)
Missiles
 h - 18 sling bullets
 Z - 36 stones (quivered)
Armour
 a - a +0 shield
 d - a +0 robe (worn)
Scrolls
 g - a scroll of remove curse {unknown}
Potions
 c - a potion of curing
Books
 b - the Papyrus of Flying Confrontation

   Spells                             Type                      Level
   a - Shock                          Conjuration/Air              1
   b - Mephitic Cloud                 Conjuration/Poison/Air       3
Comestibles
 f - a bread ration {!e}


   Skills:
 + Level 0.6 Fighting
 - Level 1.0 Throwing
 - Level 1.0 Shields
 + Level 2.1 Spellcasting
   Level 1.7 Charms
   Level 1.7 Fire Magic
   Level 1.7 Ice Magic


You had 4 spell levels left.
You didn't know any spells.

Dungeon Overview and Level Annotations

Branches:
Dungeon (1/15)

Altars:


Message History

HP restored.
Z - 36 stones (gained 14)
A giant newt comes into view.
Found a stone staircase leading down.
A hobgoblin comes into view.
The giant newt bites you but does no damage.
You hit the giant newt.
You kill the giant newt!
The hobgoblin shouts!
You hear a shout!
You hit the hobgoblin.
The hobgoblin is moderately wounded.
The hobgoblin barely misses you.
You hit the hobgoblin.
The hobgoblin is heavily wounded.
The hobgoblin closely misses you.
You closely miss the hobgoblin.
The hobgoblin is heavily wounded.
The hobgoblin barely misses you.
You barely miss the hobgoblin.
The hobgoblin is heavily wounded.
The hobgoblin hits you.
A kobold comes into view.
Damage: 4 (max 4)
You closely miss the hobgoblin.
The hobgoblin is heavily wounded.
The hobgoblin hits you.
Damage: 2 (max 4)
You hit the hobgoblin but do no damage.
The hobgoblin is heavily wounded.
The hobgoblin barely misses you.
You hit the hobgoblin.
The hobgoblin is severely wounded.
The hobgoblin hits you.
* * * LOW HITPOINT WARNING * * *
Damage: 4 (max 4)
You are too injured to fight recklessly!
You are too injured to fight recklessly!
You are too injured to fight recklessly!
You are too injured to fight recklessly!
You are too injured to fight recklessly!
You closely miss the hobgoblin.
The hobgoblin is heavily wounded.
The hobgoblin barely misses you.
You hit the hobgoblin.
The hobgoblin is almost dead.
The hobgoblin hits you.
* * * LOW HITPOINT WARNING * * *
Damage: 3 (max 4)
The hobgoblin hits you.
You die...

..# #.# #.# #.#.#.# #.#
#.#.#.# #.# #.#.#.# #.#
#.#.#.#
########.#######.#.#.#
#......#......##.#.#.#
######......#....#.##.#.#.#
...........K@.............###
#........g........#.#......
#.#.......#.#..............
###.>.†......................
..............#...........###
...##...####..########..#.###
......... ....# ##.#.#..
..........##.## #'#+#..
#+#.#.###.# .# ........


You could see a hobgoblin and a kobold.

Vanquished Creatures
  A giant cockroach (D:1)
  A hobgoblin (D:1)
  A giant newt (D:1)
3 creatures vanquished.

Notes
Turn   | Place    | Note
--------------------------------------------------------------
     0 | D:1      | Gorice the Demonspawn Wanderer began the quest for the Orb.
     0 | D:1      | Gorice set off with: a +0 shield, the Papyrus of Flying Confrontation, a potion of curing, a +0 robe, a +0 dagger, a bread ration {!e}
     0 | D:1      | Reached XP level 1. HP: 13/13 MP: 3/3
     0 | D:1      | AAAAA: GOGO
     0 | D:1      | Identified the Papyrus of Flying Confrontation
    92 | D:1      | HP: 3/13 [hobgoblin/club (3)]
    93 | D:1      | HP: 1/13 [hobgoblin/club (2)]
   436 | D:1      | HP: 4/14 [hobgoblin (4)]
   438 | D:1      | HP: 1/14 [hobgoblin (3)]
   443 | D:1      | Slain by a hobgoblin

Action                   || total
-------------------------++-------
Melee: Dagger            ||    22

Table legend:
 A = Turns spent in this place as a percentage of turns spent in the entire game.
 B = Non-inter-level travel turns spent in this place as a percentage of non-inter-level travel turns spent in the entire game.
 C = Inter-level travel turns spent in this place as a percentage of turns spent in this place.
 D = Turns resting spent in this place as a percentage of non-inter-level travel turns spent in this place.
 E = Turns spent auto-exploring this place as a percentage of non-inter-level travel turns spent in this place.
 F = Non-inter-level travel turns spent in this place divided by the number of levels of this place that you've seen.
                   A       B       C       D       E      F
               +-------+-------+-------+-------+-------+----------------------
         Total | 100.0 | 100.0 |   0.0 |   3.6 |   3.6 | 112.0
       Dungeon | 100.0 | 100.0 |   0.0 |   3.6 |   3.6 | 112.0
               +-------+-------+-------+-------+-------+----------------------

Vault maps used:
D:1:      lightli_arrival_isolated_outpost
